 Dungeon Crawl Stone Soup version 0.30-a0-847-g17996783a1 (webtiles) character file.

Game seed: 8437041795501683364

952 Darius099 the Cleaver (level 7, -3/58 HPs)
             Began as a Minotaur Fighter on Mar 4, 2023.
             Slain by a two-headed ogre
             ... wielding a +0 giant club
              (24 damage)
             ... on level 8 of the Dungeon.
             The game lasted 00:11:01 (4240 turns).

Darius099 the Cleaver (Minotaur Fighter)            Turns: 4240, Time: 00:11:02

Health: -3/58      AC: 12    Str: 23    XL:     7   Next: 90%
Magic:  6/6        EV:  7    Int:  5    God:
Gold:   222        SH:  4    Dex:  9    Spells: 6/6 levels left

rFire   + . .      SeeInvis .    h - +6 broad axe of Parts Unknown {speed, *Noise rF+ rC+ Stlth+}
rCold   + . .      Faith    .    c - +0 buckler
rNeg    . . .      Spirit   .    j - +0 chain mail
rPois   +          Reflect  .    (helmet restricted)
rElec   .          Rampage  .    (no cloak)
rCorr   .                        t - +2 pair of gloves
Will    .....                    (no boots) Stlth
                                 m - amulet of regeneration
HPRegen 1.09/turn                f - ring of poison resistance
MPRegen 0.10/turn                (no ring)

@: no status effects
A: horns 2, retaliatory headbutt
a: no special abilities


You were on level 8 of the Dungeon.
You visited 1 branch of the dungeon, and saw 8 of its levels.

You collected 222 gold pieces.

Inventory:

Hand Weapons
 h - the +6 broad axe of Parts Unknown (weapon) {speed, *Noise rF+ rC+ Stlth+}
   (You acquired it on level 5 of the Dungeon)

   rF:        It protects you from fire.
   rC:        It protects you from cold.
   *Noise:    It may make noises in combat.
   Stlth:     It makes you more stealthy.
Missiles
 v - 7 stones (quivered)
 w - 5 poisoned darts
Armour
 c - a +0 buckler (worn)
 j - a +0 chain mail (worn)
 t - a +2 pair of gloves (worn)
Jewellery
 f - a ring of poison resistance (left hand)
 m - an amulet of regeneration (around neck)
Wands
 n - a wand of flame (5)
 x - a wand of iceblast (12)
 y - a wand of quicksilver (17)
 z - a wand of charming (7)
Scrolls
 a - a scroll of enchant armour {unknown}
 e - 3 scrolls of identify
 g - 2 scrolls of immolation
 l - a scroll of teleportation
 o - 2 scrolls of amnesia {unknown}
 r - a scroll of blinking {unknown}
 u - a scroll of brand weapon {unknown}
Potions
 b - a potion of lignification
 d - a potion of might
 i - a potion of ambrosia
 k - 4 potions of flight
 p - 2 potions of mutation
 q - 2 potions of curing
 s - 2 potions of magic
 A - a potion of haste


   Skills:
 - Level 3.9 Fighting
 + Level 10.7 Axes
 - Level 4.0 Armour
 - Level 3.9 Shields


You had 6 spell levels left.
You didn't know any spells.
Your spell library contained the following spells:

 Spells                   Type           Power      Damage    Failure   Level
 Beastly Appendage        Tmut           0%         N/A       99%         1
 Ensorcelled Hibernation  Hex/Ice        0%         N/A       100%        2
 Passwall                 Tmut/Erth      0%         N/A       100%        2
 Wereblood                Tmut           0%         N/A       100%        2
 Spider Form              Tmut/Pois      0%         N/A       100%        3
 Summon Guardian Golem    Hex/Summ       0%         N/A       100%        3
 Swiftness                Air            0%         N/A       100%        3
 Cause Fear               Hex            0%         N/A       100%        4
 Dragon Form              Tmut           0%         N/A       100%        7
 Orb of Destruction       Conj           0%         9d5       100%        7
 Spellforged Servitor     Conj/Summ      0%         N/A       100%        7
 Dragon's Call            Summ           0%         N/A       100%        9


Dungeon Overview and Level Annotations

Branches:
Dungeon (9/15)
 Temple: D:4-7         Lair: D:8-11         Orc: D:9-12

Altars:
Elyvilon

Shops:
D:1 *   D:2 [(!=(


Innate Abilities, Weirdness & Mutations

You have a pair of horns on your head.
You reflexively headbutt those who attack you in melee.


Message History

A hound comes into view.
A sourceless malevolence fills the Dungeon...
You fall into a shaft and drop 3 floors!
The shaft crumbles and collapses.
Found a blackened wooden ring.
A vampire comes into view.
Found a club.
Found a stone staircase leading up.
There is a stone staircase leading up here.
You climb upwards.
Found 6 stones.
There is a stone staircase leading down here.
An orc comes into view. It is wielding a +0 hand axe.
The orc shouts!
Found a scale mail.
v - 7 stones (gained 6)
A two-headed ogre comes into view.
It is wielding a +0 giant club and a +0 giant spiked club.
The orc attacks as you move away! The orc hits you but does no damage.
The orc attacks as you move away! The orc closely misses you.
You furiously retaliate!
You headbutt the orc. The orc attacks as you move away!
The orc hits you with a +0 hand axe. The orc attacks as you move away!
The orc hits you with a +0 hand axe. The orc attacks as you move away!
The orc barely misses you. You furiously retaliate!
You headbutt the orc!
You kill the orc!
Found a dented citrine amulet.
Found an escape hatch in the floor.
There is an escape hatch in the floor here.
A jelly comes into view.
The jelly quivers.
You see here an amulet of magic regeneration.
The jelly hits you but does no damage.
You slash the jelly!
Your hands burn!
You headbutt the jelly.
You kill the jelly!
Sorry, you're not good enough to have a special ability.
The two-headed ogre hits you with a +0 giant club!
The two-headed ogre barely misses you.
You slash the two-headed ogre! You headbutt the two-headed ogre.
The two-headed ogre is moderately wounded.
The two-headed ogre hits you with a +0 giant club!!
The two-headed ogre hits you with a +0 giant spiked club!!
You die...

### #.# #.#
############.#
#...>.."...O.#
#.#.##########@#
#.#.#.....O.)..#.#
#.........####.#.#
#................#
...#..#..#..#..#.#
##...#..#..#..#..#
....#..#..#..#......
...#..#..#..#..#.###
##...#..#..#..#..#


You could see a two-headed ogre.

Vanquished Creatures
  Menkaure (D:6)
  An orc warrior (D:6)
  An ogre (D:6)
  3 scorpions (D:4)
  The ghost of nabru the Covered, a weakling AtFi (D:4)
  A jelly (D:8)
  A hound (D:6)
  2 iguanas
  An orc wizard (D:6)
  7 gnolls (D:5)
  10 adders
  5 worms
  3 dart slugs
  21 orcs
  7 endoplasms
  2 giant cockroaches
  7 goblins
  7 hobgoblins
  10 jackals
  4 kobolds
  3 quokkas
  5 ball pythons
  3 bats
  7 frilled lizards
  2 rats
115 creatures vanquished.

Vanquished Creatures (others)
  4 plants (D:1)
4 creatures vanquished.

Grand Total: 119 creatures vanquished

Notes
Turn   | Place    | Note
-------+----------+-------------------------------------------
     0 | D:1      | Darius099 the Minotaur Fighter began the quest for the Orb.
     0 | D:1      | Reached XP level 1. HP: 19/19 MP: 0/0
   286 | D:1      | Found Weloddil's Assorted Antiques.
   297 | D:1      | HP: 1/20 [kobold/+3 dagger of electrocution (17)]
   299 | D:1      | Reached XP level 2. HP: 2/27 MP: 1/1
   550 | D:1      | Found a faded altar of an unknown god.
  1075 | D:2      | Reached skill level 3 in Axes
  1104 | D:2      | Found Pescha Zink's Antique Weapon Boutique.
  1166 | D:2      | Reached XP level 3. HP: 21/33 MP: 2/2
  1235 | D:2      | Found Moxteaw's Antique Weapon Emporium.
  1377 | D:2      | Found Ovolepea's Jewellery Emporium.
  1420 | D:2      | Found Osetu's Distillery.
  1636 | D:2      | Found Hama's Armour Boutique.
  1792 | D:3      | Reached skill level 4 in Axes
  1886 | D:3      | Reached XP level 4. HP: 39/40 MP: 3/3
  1931 | D:3      | Found a white marble altar of Elyvilon.
  2083 | D:3      | Reached skill level 5 in Axes
  2729 | D:4      | Reached XP level 5. HP: 42/46 MP: 4/4
  2821 | D:4      | Reached skill level 6 in Axes
  2862 | D:4      | Noticed nabru's ghost (weakling AtFi)
  2866 | D:4      | Found a runed translucent door.
  3008 | D:4      | Reached skill level 7 in Axes
  3008 | D:4      | Reached XP level 6. HP: 44/52 MP: 5/5
  3097 | D:4      | Reached skill level 8 in Axes
  3223 | D:4      | Killed nabru's ghost
  3369 | D:5      | Entered Level 5 of the Dungeon
  3642 | D:5      | Reached XP level 7. HP: 58/58 MP: 6/6
  3862 | D:5      | Identified a scroll of acquirement
  3862 | D:5      | Acquired the +6 broad axe of Parts Unknown {speed, *Noise
                  | rF+ rC+ Stlth+}
  4018 | D:6      | Noticed Menkaure
  4037 | D:6      | Reached skill level 9 in Axes
  4094 | D:6      | Killed Menkaure
  4095 | D:6      | Reached skill level 10 in Axes
  4185 | D:6      | You fall into a shaft and drop 3 floors!
  4186 | D:9      | Noticed a vampire
  4198 | D:8      | Noticed a two-headed ogre
  4240 | D:8      | Slain by a two-headed ogre

Illustrated notes

Levels and vault maps discovered:
D:1:      lemuel_arrival_river_ford, layout_loops_corners, serial_shops,
          nicolae_shop_overgrown_old_shop, shapermc_ecumenical_altar_venn,
          corexii_corridor_pit, kennysheep_boxes
D:2:      layout_loops_ring, serial_shops, nicolae_shop_behind_doors,
          nicolae_shop_hallway_stairs, nicolae_shop_stone, nicolae_diamond_shop,
          shop_fountains
D:3:      layout_loops_corners, elyvilon_altar_1, st_stairs_10,
          minmay_crystal_water
D:4:      layout_basic, hellmonk_ghost_happy_afterlife
D:5:      layout_rooms
D:6:      layout_cave_pools, minmay_temple_entry_large_hall, serial_rivers,
          chequers_serial_rivers_small_b, chequers_serial_rivers_micro_c,
          chequers_serial_rivers_room_b, chequers_serial_rivers_small_b,
          chequers_serial_rivers_marsh, chequers_serial_rivers_micro_d,
          uniq_grinder, uniq_menkaure, uniq_blork_the_orc,
          uniq_crazy_yiuf_cottage
D:8:      layout_basic, minmay_misc_feat_diagonals
D:9:      kennysheep_kobold_camp, layout_rooms, minmay_lizard_king, uniq_pikel,
          uniq_erica, uniq_maurice

Skill      XL: |  1  2  3  4  5  6  7 |
---------------+----------------------+-----
Armour         | 4 |  4.0
Axes           | 3 4 5 7 8 10 | 10.7
Fighting       | |  3.9
Shields        | |  3.9

Action                     |  1- 3 |  4- 6 |  7- 9 || total
---------------------------+-------+-------+-------++-------
  Melee: War axe           |    82 |   170 |     6 ||   258
         Headbutt          |    13 |    29 |     7 ||    49
         Broad axe         |       |       |    27 ||    27
    Use: Scroll            |       |     6 |     6 ||    12
 Armour: Scale mail        |    25 |       |       ||    25
         Chain mail        |     9 |    99 |    10 ||   118
  Dodge: Dodged            |    27 |    61 |     8 ||    96
  Block: Buckler           |    16 |    42 |     5 ||    63

Table legend: (Time is in decaauts)
 A = Elapsed time spent in this place.
 B = Non-inter-level travel time spent in this place.
 C = Inter-level travel time spent in this place.
 D = Time resting spent in this place.
 E = Time spent auto-exploring this place.
 F = Levels seen in this place.
 G = Mean time per level.
                   A        B        C        D        E       F      G
               +--------+--------+--------+--------+--------+-----+--------+
         Total |   4338 |   4217 |    121 |    422 |   2748 |   8 |  542.2 |
       Dungeon |   4338 |   4217 |    121 |    422 |   2748 |   8 |  542.2 |
               +--------+--------+--------+--------+--------+-----+--------+

Top non-repeatable levels by time:
     D:1: 1045 daAuts
     D:3: 964 daAuts
     D:2: 788 daAuts
     D:4: 672 daAuts
     D:5: 656 daAuts
     D:6: 157 daAuts
     D:8: 47 daAuts
     D:9: 6 daAuts
